 Dungeon Crawl Stone Soup version 0.20.1-1-g8b1a95d (console) character file.

1041 hilaritas the Spear-Bearer (level 8, -3/67 HPs)
             Began as a Merfolk Gladiator on Mar 2, 2018.
             Slain by ceb's ghost (9 damage)
             ... on level 5 of the Dungeon.
             The game lasted 00:16:47 (5579 turns).

hilaritas the Spear-Bearer (Merfolk Gladiator)      Turns: 5579, Time: 00:16:48

Health: -3/67      AC:  7    Str: 14    XL:     8   Next: 25%
Magic:  8/8        EV: 14    Int:  8    God:
Gold:   11         SH:  0    Dex: 15    Spells: 7/7 levels left

rFire    . . .     SeeInvis .   a - +1 trident
rCold    . . .     Gourm    .   (no shield)
rNeg     . . .     Faith    .   b - +0 leather armour
rPois    +         Spirit   .   i - +2 helmet
rElec    .         Reflect  .   (no cloak)
rCorr    .         Harm     .   (no gloves)
MR       .....                  c - +0 pair of boots
Stlth    +.........             (no amulet)
Regen    0.3/turn               r - ring of poison resistance
MPRegen  0.2/turn               (no ring)

@: hasted, very quick
A: change form in water, swift swim, stealthy swim, sense surroundings 1, weak
1, wild magic 1
a: no special abilities


You were on level 5 of the Dungeon.
You were not hungry.

You visited 1 branch of the dungeon, and saw 5 of its levels.

You collected 173 gold pieces.
You spent 162 gold pieces at shops.

Inventory:

Hand Weapons
 a - a +1 trident (weapon)
Missiles
 d - 3 throwing nets (quivered)
 j - 3 javelins
Armour
 b - a +0 leather armour (worn)
 c - a +0 pair of boots (worn)
 i - a +2 helmet (worn)
 u - a +0 robe of cold resistance
Jewellery
 m - an uncursed ring of wizardry
 p - an uncursed ring of fire
 r - a ring of poison resistance (left hand)
 y - an uncursed ring of flight
Wands
 w - a wand of random effects (12/48)
Scrolls
 e - 2 scrolls of fog
 l - a scroll of enchant weapon
 n - a scroll of remove curse
 o - a scroll of amnesia
 t - a scroll of teleportation
 v - a scroll of enchant armour
Potions
 h - 3 potions of cancellation
 x - a potion of flight {unknown}
Comestibles
 f - 5 bread rations
 g - 2 meat rations
 k - a royal jelly
 z - 3 chunks of flesh


   Skills:
 * Level 7.1 Fighting
 - Level 10.3 Polearms
 - Level 2.0 Throwing
 + Level 5.0 Dodging


You had 7 spell levels left.
You didn't know any spells.

Dungeon Overview and Level Annotations

Branches:
Dungeon (5/15)
 Temple: D:4-7

Altars:
Kikubaaqudgha
Nemelex Xobeh
Sif Muna
The Shining One

Shops:
D:5 ?

Annotations:
D:5 ceb's ghost, novice DsFi


Innate Abilities, Weirdness & Mutations

You revert to your normal form in water.
You are very nimble and swift while swimming.
You are very stealthy in the water. (Stealth+)
You passively map a small area around you.
You are weak. (Str -2)
Your spells are a little harder to cast, but a little more powerful.


Message History

* * * LOW HITPOINT WARNING * * *
You feel better. Ceb's ghost barely misses you.
You puncture ceb's ghost!
Ceb's ghost is almost destroyed.
Ceb's ghost closely misses you.
You hit ceb's ghost.
Ceb's ghost is almost destroyed.
You closely miss ceb's ghost.
Ceb's ghost is almost destroyed.
Ceb's ghost barely misses you.
You closely miss ceb's ghost.
Ceb's ghost is almost destroyed.
Ceb's ghost closely misses you.
You completely miss ceb's ghost.
Ceb's ghost is almost destroyed.
Ceb's ghost hits you!
* * * LOW HITPOINT WARNING * * *
Unknown command.
It was a potion of haste.
You feel yourself speed up. Ceb's ghost hits you!
You die...

............'.....>......#.
#.#.......#.#.#.#..............
###'#....##.#.#.#.#..........#.∩.
#.....#.....#.#.#.###..##[.......
#....)',..#.#'#.#.#.....#.#'####.
#.....###.#.....#.#.....#....# #.
#.....+...+.....#.#.....#....# #.
#.....###.#[....#'####.......# #.
* #........................#*#.
#.###.######W....#.#.....+ .. #.#
#.# #@....#.##....#, . ####'###.#
#.....#.##....+, #......#.#
+.....#.##....# #......#.# ,
#.....+.......+ , #......#.#
##....#.# ....# #......#.# *,*
#....#.# , , ####'### #.......#
#.# * * #.......# , #.# #.......#
, , #.# #.......# > #.#
#.......#* ,


You could see ceb's ghost.

Vanquished Creatures
  An ice beast (D:5)
  A phantom (D:4)
  An ogre (D:4)
  A big kobold (D:4)
  2 bullfrogs (D:4)
  A howler monkey (D:4)
  A centaur zombie (D:5)
  2 orc priests (D:4)
  3 iguanas (D:4)
  4 orc wizards (D:4)
  4 worker ants
  Terence (D:3)
  A hound skeleton (D:4)
  4 adders
  A shadow imp (D:3)
  3 worms
  3 dart slugs
  6 leopard geckos
  8 orcs
  2 ball pythons
  6 bats
  5 giant cockroaches
  6 hobgoblins
  2 jackals (D:2)
  9 kobolds
  3 quokkas
  13 frilled lizards
  9 goblins
  A leopard gecko skeleton (D:4)
  A quokka zombie (D:5)
  9 rats
  A plant (D:3)
115 creatures vanquished.

Notes
Turn   | Place    | Note
-------+----------+-------------------------------------------
     0 | D:1      | hilaritas the Merfolk Gladiator began the quest for the Orb.
     0 | D:1      | Reached XP level 1. HP: 16/16 MP: 1/1
   176 | D:1      | Reached skill level 5 in Polearms
   178 | D:1      | Reached XP level 2. HP: 22/22 MP: 2/2
   458 | D:1      | Reached XP level 3. HP: 28/28 MP: 3/3
   591 | D:1      | Reached skill level 6 in Polearms
  1190 | D:2      | Reached XP level 4. HP: 28/34 MP: 4/4
  1411 | D:2      | Reached skill level 7 in Polearms
  1971 | D:3      | Noticed Terence
  1978 | D:3      | Killed Terence
  2101 | D:3      | Reached XP level 5. HP: 32/39 MP: 5/5
  2187 | D:3      | Found a sparkling altar of Nemelex Xobeh.
  2191 | D:3      | Found a glowing golden altar of the Shining One.
  2191 | D:3      | Found an ancient bone altar of Kikubaaqudgha.
  2597 | D:3      | Reached skill level 8 in Polearms
  2776 | D:4      | Noticed a big kobold
  2787 | D:4      | Killed a big kobold
  2850 | D:4      | Reached skill level 9 in Polearms
  2850 | D:4      | Reached XP level 6. HP: 42/47 MP: 6/6
  3176 | D:4      | Gained mutation: You are weak. (Str -2) [potion of mutation]
  3176 | D:4      | Gained mutation: You passively map a small area around you. [potion of mutation]
  3176 | D:4      | Gained mutation: Your spells are a little harder to cast, but a little more powerful. [potion of mutation]
  3181 | D:4      | Reached skill level 10 in Polearms
  3408 | D:4      | Reached XP level 7. HP: 11/52 MP: 7/7
  4023 | D:4      | Reached skill level 5 in Fighting
  4587 | D:4      | Found a deep blue altar of Sif Muna.
  4697 | D:4      | Reached XP level 8. HP: 59/65 MP: 8/8
  5016 | D:5      | Entered Level 5 of the Dungeon
  5065 | D:5      | Reached skill level 5 in Dodging
  5315 | D:5      | Found Ybrygi's Magic Scroll Shoppe.
  5364 | D:5      | Bought a scroll of teleportation for 39 gold pieces
  5364 | D:5      | Bought a scroll of enchant armour for 97 gold pieces
  5364 | D:5      | Bought a scroll of fog for 26 gold pieces
  5552 | D:5      | Noticed ceb's ghost (novice DsFi)
  5572 | D:5      | HP: 3/67 [ceb's ghost (14)]
  5578 | D:5      | HP: 6/67 [ceb's ghost (9)]
  5579 | D:5      | Slain by ceb's ghost

Skill      XL: |  1  2  3  4  5  6  7  8 |
---------------+-------------------------+-----
Polearms       | 5 6 7 9 10 | 10.3
Fighting       | 3 6 7 |  7.1
Dodging        | 5 |  5.0
Throwing       | |  2.0

Action                   |  1- 3 |  4- 6 |  7- 9 || total
-------------------------+-------+-------+-------++-------
Melee: Trident           |   120 |   222 |   178 ||   520
  Use: Scroll            |     5 |     4 |     2 ||    11
       Potion            |       |     2 |     3 ||     5
 Stab: Sleeping          |     1 |     1 |       ||     2
       Invisible         |       |     1 |       ||     1
  Eat: Chunk             |     1 |     7 |     5 ||    13
       Royal jelly       |       |       |     1 ||     1
Armor: Leather armour    |    26 |    25 |    14 ||    65
Dodge: Dodged            |    50 |    89 |    69 ||   208
